 Dungeon Crawl Stone Soup version 0.28.0 (webtiles) character file.

Game seed: 14139638340609342315

32 Hasart the Shield-Bearer (level 2, -3/26 HPs)
             Began as a Demigod Fighter on Feb 16, 2022.
             Slain by a centaur (6 damage)
             ... on level 4 of the Dungeon.
             The game lasted 00:01:41 (1096 turns).

Hasart the Shield-Bearer (Demigod Fighter)          Turns: 1096, Time: 00:01:42

Health: -3/26      AC:  6    Str: 17    XL:     2   Next: 93%
Magic:  4/4        EV:  9    Int: 10    God:
Gold:   139        SH:  4    Dex: 13    Spells: 1/1 levels left

rFire   . . .      SeeInvis .   a - +0 war axe
rCold   . . .      Faith    .   c - +0 buckler
rNeg    . . .      Spirit   .   b - +0 scale mail
rPois   .          Reflect  .   (no helmet)
rElec   .          Harm     .   (no cloak)
rCorr   .          Rampage  .   (no gloves)
Will    .....                   (no boots)
Stlth   ..........              (no amulet)
HPRegen 0.08/turn               (no ring)
MPRegen 0.09/turn               (no ring)

@: no status effects
A: high MP 1, forlorn, divine attributes
a: no special abilities


You were on level 4 of the Dungeon.
You visited 1 branch of the dungeon, and saw 5 of its levels.

You collected 139 gold pieces.

Inventory:

Hand Weapons
 a - a +0 war axe (weapon)
Missiles
 f - 7 poisoned darts (quivered)
 j - a throwing net
Armour
 b - a +0 scale mail (worn)
 c - a +0 buckler (worn)
Scrolls
 e - a scroll of fog {unknown}
 g - 2 scrolls of identify {unknown}
 i - a scroll of immolation {unknown}
 m - 3 scrolls of teleportation {unknown}
Potions
 d - a potion of might
 h - a potion of degeneration {unknown}
 k - a potion of mutation {unknown}
 l - a potion of heal wounds {unknown}
 n - a potion of brilliance {unknown}


   Skills:
 + Level 3.0 Fighting
 * Level 2.2 Axes
 + Level 0.3 Throwing
 + Level 2.9 Armour
 + Level 0.2 Dodging
 + Level 3.0 Shields


You had one spell level left.
You didn't know any spells.
Your spell library was empty.

Dungeon Overview and Level Annotations

Branches:
Dungeon (5/15)
 Temple: D:4-7


Innate Abilities, Weirdness & Mutations

You have an increased reservoir of magic. (+10% MP)
You shall have no god before yourself.
Your divine heritage dramatically boosts your attributes as you level up.


Message History

You now have 125 gold pieces (gained 15).
You now have 139 gold pieces (gained 14).
A sourceless malevolence fills the Dungeon...
You fall into a shaft and drop 2 floors!
The shaft crumbles and collapses.
Found a flail, a falchion, a club, a robe and 2 poisoned darts.
f - 7 poisoned darts (gained 2)
There is a shaft here.
Found a stone staircase leading up.
n - a fizzy black potion
(D) Dungeon
Where to? (Enter - D:3, ? - help)
There is a stone staircase leading up here.
You climb upwards.
The centaur shouts!
You hear a shout!
Found an escape hatch in the ceiling.
There is a stone staircase leading down here.
A centaur is nearby!
The centaur wields a +0 shortbow.
The centaur shoots an arrow.
The arrow barely misses you.
There is an escape hatch in the ceiling here.
The centaur shoots an arrow.
The arrow hits you.
The centaur shoots an arrow.
The arrow hits you!
Ouch! That really hurt!
* * * LOW HITPOINT WARNING * * *
The centaur unwields a +0 shortbow.
The centaur barely misses you. You block the centaur's attack.
The centaur hits you but does no damage.
The centaur kicks you but does no damage.
You hit the centaur.
The centaur is moderately wounded.
The centaur hits you.
* * * LOW HITPOINT WARNING * * *
The centaur kicks you but does no damage.
The centaur completely misses you. The centaur kicks you.
* * * LOW HITPOINT WARNING * * *
You hit the centaur but do no damage.
The centaur is moderately wounded.
The centaur hits you.
You die...

..# #.#
#.# #
#.#.#
###.#.#
#>....#
##.#<###
#....#
#.@###
#c.#
#..#
#..#
....
##..#
#..#
#..#


You could see a centaur.

Vanquished Creatures
  A dart slug (D:2)
  An orc (D:3)
  3 bats
  An endoplasm (D:3)
  2 giant cockroaches
  5 goblins
  3 hobgoblins
  3 kobolds
  A quokka (D:2)
  3 frilled lizards
  3 rats
26 creatures vanquished.

Notes
Turn   | Place    | Note
-------+----------+-------------------------------------------
     0 | D:1      | Hasart the Demigod Fighter began the quest for the Orb.
     0 | D:1      | Reached XP level 1. HP: 18/18 MP: 3/3
   326 | D:2      | Reached XP level 2. HP: 18/25 MP: 4/4
  1052 | D:3      | You fall into a shaft and drop 2 floors!
  1052 | D:5      | Entered Level 5 of the Dungeon
  1089 | D:4      | Noticed a centaur
  1096 | D:4      | Slain by a centaur

Illustrated notes

Levels and vault maps discovered:
D:1:      dpeg_arrival_line_fractal, layout_basic,
          nicolae_ecumenical_snake_handling
D:2:      layout_rooms
D:3:      layout_basic, slow_altar_1, hangedman_decor_clover_reticule,
          uniq_jessica
D:4:      layout_loops_ring
D:5:      layout_rooms

Skill      XL: |  1  2 |
---------------+-------+-----
Axes           | 2 |  2.2
Fighting       | 3 |  3.0
Shields        | 3 |  3.0
Throwing       | |  0.3
Armour         | |  2.9
Dodging        | |  0.2

Action                   || total
-------------------------++-------
Melee: War axe           ||    70
Armor: Scale mail        ||    42
Dodge: Dodged            ||    46
Block: Buckler           ||    13
